 Dungeon Crawl Stone Soup version 0.28.0-45-g0d030f2227 (webtiles) character file.

Game seed: 5108450652397068895

2036 4FPSwarrior the Stinger (level 9, -1/58 (63) HPs)
             Began as an Octopode Venom Mage on Mar 30, 2022.
             Slain by an orc warrior
             ... wielding a +0 mace
              (13 damage)
             ... on level 6 of the Dungeon.
             The game lasted 00:30:01 (10410 turns).

4FPSwarrior the Stinger (Octopode Venom Mage)      Turns: 10410, Time: 00:30:02

HP:   -1/58 (63)    AC:  1    Str: 11    XL:     9   Next: 24%
MP:   13/16         EV: 13    Int: 18    God:
Gold: 307           SH:  0    Dex: 12    Spells: 11/17 levels left

rFire   . . .      SeeInvis .   n - staff of poison
rCold   . . .      Faith    .   (no shield)
rNeg    . . .      Spirit   .   (helmet restricted)
rPois   +          Reflect  .   (no amulet)
rElec   .          Harm     .   (no ring)
rCorr   .          Rampage  .   (no ring)
Will    .....                   (no ring)
Stlth   +++.......              (no ring)
HPRegen 0.19/turn               (no ring)
MPRegen 0.15/turn               (no ring)
                                (no ring)
                                (no ring)

@: drained
A: almost no armour, amphibious, 8 rings, camouflage 1, gelatinous body 1,
(nimble swimmer 1), tentacles
a: no special abilities


You were on level 6 of the Dungeon.
You visited 1 branch of the dungeon, and saw 7 of its levels.

You collected 307 gold pieces.

Inventory:

Magical Staves
 n - a staff of poison (weapon)
Jewellery
 l - an amulet of faith
Wands
 o - a wand of polymorph (9)
Scrolls
 b - 2 scrolls of magic mapping
 c - a scroll of blinking
 d - 2 scrolls of amnesia
 f - a scroll of teleportation
 h - 2 scrolls of vulnerability
 i - 2 scrolls of fear
 j - a scroll of immolation
 k - a scroll of silence {unknown}
Potions
 a - a potion of lignification
 e - 3 potions of curing
 g - a potion of haste
 m - a potion of berserk rage {unknown}
 p - a potion of degeneration


   Skills:
 * Level 6.8 Fighting
 - Level 2.0 Dodging
 - Level 2.6 Stealth
 + Level 4.7 Spellcasting
 - Level 3.0 Conjurations
 + Level 4.8 Transmutations
 - Level 3.0 Air Magic
 + Level 6.9 Poison Magic


You had 11 spell levels left.
You knew the following spells:

 Your Spells              Type           Power      Damage    Failure   Level
a - Sting                 Tmut/Pois      100%       1d8       1%          1
b - Mephitic Cloud        Conj/Pois/Air  29%        N/A       7%          3
c - Poisonous Vapours     Pois/Air       66%        N/A       2%          2

Your spell library contained the following spells:

 Spells                   Type           Power      Damage    Failure   Level
 Olgreb's Toxic Radiance  Pois           43%        N/A       8%          4
 Dazzling Flash           Conj/Hex       18%        N/A       22%         3
 Silence                  Hex/Air        4%         N/A       90%         5
 Agony                    Necr           4%         N/A       98%         5


Dungeon Overview and Level Annotations

Branches:
Dungeon (7/15)             Temple (0/1) D:7

Altars:
Dithmenos

Annotations:
D:4 exclusion: phantom


Innate Abilities, Weirdness & Mutations

You cannot wear most types of armour.
You are amphibious.
You can wear up to eight rings at the same time.
Your skin changes colour to match your surroundings (Stealth+).
Your rubbery body absorbs attacks. (AC +1, EV +1)
((You are camouflaged when in or above water. (Stealth+)))
You have tentacles for arms and can constrict up to eight enemies at once.


Message History

You feel a surge of power!
The ball explodes into a vile cloud!
The stinking cloud engulfs the orc wizard but does no damage.
The stinking cloud engulfs the orc priest but does no damage.
The orc warrior shouts!
Unknown command.
Casting: Mephitic Cloud (dangerous; 7% risk of failure)
Confirm with . or Enter, or press ? or * to list all spells.
Aiming: Sting (safe; 1% risk of failure)
Press: ? - help, Shift-Dir - straight line, f - orc
Aim: an orc, wielding a +0 club (78% to hit)
You feel a surge of power!
The sting hits the orc!
The orc is poisoned.
You kill the orc!
An orc priest comes into view. It is wielding a +0 club.
Unknown command.
The orc warrior hits you with a +0 mace!
The orc wizard is engulfed in noxious fumes.
The orc wizard appears confused.
You climb upwards.
There is a stone staircase leading down here.
You see here a +0 trident.
The orc warrior hits you with a +0 mace!!
* * * LOW HITPOINT WARNING * * *
Casting: Sting (safe; 1% risk of failure)
Confirm with . or Enter, or press ? or * to list all spells.
Aiming: Poisonous Vapours (safe; 2% risk of failure)
Press: ? - help, Dir - move target, f - orc warrior
Aim: an orc warrior, wielding a +0 mace and wearing a +0 plate armour
Okay, then.
Casting: Poisonous Vapours (safe; 2% risk of failure)
Confirm with . or Enter, or press ? or * to list all spells.
Aiming: Mephitic Cloud (dangerous; 7% risk of failure)
Press: ? - help, Shift-Dir - straight line, f - orc warrior
Aim: an orc warrior, wielding a +0 mace and wearing a +0 plate armour (chance to affect: 81%)
You feel a surge of power!
The ball explodes into a vile cloud!
The stinking cloud engulfs the orc warrior but does no damage.
The stinking cloud engulfs you but does no damage.
The orc warrior is engulfed in noxious fumes.
The orc warrior appears confused.
The orc warrior hits you with a +0 mace!
You die...

#.........).# #.........####
#####.......# #............# ..#
#.......# #[...........# #.#
#.....).###............#
..#########.....#######....######
...............[.[...<...........
###########.....#######....####.#
##############.###### #....# #.#
................@oz.# #....# #..
######.........####.# #########..
..# #.######### #.## #........
..# #.# #..# #.......[ ..# #.#
######.####........ ..# #.#
#.........#........ ### #)#
#.........#........ #.#
#.........#........ ######.#
#.........#........


You could see an orc warrior (confused) and a wight.

Vanquished Creatures
  A steam dragon (D:6)
  A water moccasin (D:6)
  An orc warrior (D:6)
  A black bear (D:6)
  3 ogres
  3 centaurs
  A phantom (D:6)
  2 bullfrogs
  2 scorpions
  5 howler monkeys
  A hound (D:5)
  4 jellies
  An orc priest (D:7)
  Terence (D:2)
  2 bullfrog skeletons (D:5)
  3 iguanas
  4 orc wizards
  A hound skeleton (D:4)
  4 gnolls
  4 adders
  2 shadow imps
  An ufetubus (D:6)
  4 dart slugs
  4 orcs
  8 endoplasms
  2 giant cockroaches
  9 goblins
  5 hobgoblins
  6 jackals
  2 quokkas
  4 ball pythons
  4 bats
  6 frilled lizards
  3 kobolds
  A rat (D:3)
106 creatures vanquished.

Notes
Turn   | Place    | Note
-------+----------+-------------------------------------------
     0 | D:1      | 4FPSwarrior the Octopode Venom Mage began the quest for the
                  | Orb.
     0 | D:1      | Reached XP level 1. HP: 11/11 MP: 3/3
   341 | D:1      | Reached XP level 2. HP: 18/18 MP: 0/5
   474 | D:1      | Reached skill level 1 in Fighting
   974 | D:1      | Reached XP level 3. HP: 22/23 MP: 2/6
  1202 | D:2      | Learned a level 3 spell: Mephitic Cloud
  1332 | D:2      | Found a faded altar of an unknown god.
  2550 | D:3      | Found a shadowy altar of Dithmenos.
  2694 | D:3      | Reached XP level 4. HP: 29/29 MP: 3/7
  3434 | D:3      | Noticed Terence
  3474 | D:2      | Killed Terence
  3475 | D:2      | Reached skill level 1 in Conjurations
  3475 | D:2      | Reached XP level 5. HP: 35/35 MP: 0/8
  3630 | D:3      | Reached skill level 1 in Air Magic
  4294 | D:4      | Noticed a phantom
  4864 | D:5      | Entered Level 5 of the Dungeon
  4896 | D:5      | Reached XP level 6. HP: 42/42 MP: 3/10
  5297 | D:5      | You fall into a shaft and drop 2 floors!
  5297 | D:7      | Noticed a necrophage
  5297 | D:7      | Found a staircase to the Ecumenical Temple.
  5543 | D:6      | Reached skill level 5 in Poison Magic
  5543 | D:6      | Reached XP level 7. HP: 10/47 MP: 4/11
  6361 | D:6      | Reached XP level 8. HP: 40/54 MP: 0/13
  6650 | D:6      | Learned a level 2 spell: Poisonous Vapours
  7170 | D:5      | Reached skill level 5 in Fighting
  8618 | D:6      | Reached XP level 9. HP: 59/62 MP: 3/15
  9092 | D:7      | Found Nacargh's Magic Scroll Shoppe.
 10410 | D:6      | Slain by an orc warrior

Illustrated notes

Levels and vault maps discovered:
D:1:      psy_arrival_heroes, layout_loops_ring
D:2:      layout_basic, shapermc_ecumenical_altar_notcrosses
D:3:      layout_loops_ring, nicolae_dithmenos_shadow_blocks,
          hangedman_abyss_or_decor_lesser_grid, minmay_misc_feat_plants,
          minmay_goblin_outpost, uniq_terence
D:4:      layout_gridville, chequers_arboretum, minmay_fountain_box,
          serial_park_tiny_pond, kennysheep_nub
D:5:      layout_rooms, ebering_dispersal_statue_hall,
          nicolae_figureground_pulse
D:6:      layout_basic
D:7:      layout_rooms, minmay_temple_entry_proselytizer, serial_shops,
          nicolae_square_shop, biasface_ghost_orc_armoury

Skill      XL: |  1  2  3  4  5  6  7  8 |
---------------+-------------------------+-----
Fighting       | 1 2 3 4 6 |  6.8
Poison Magic   | 4 5 6 |  6.9
Conjurations   | 1 2 3 |  3.0
Transmutations | 2 3 4 |  4.8
Air Magic      | 1 2 3 |  3.0
Spellcasting   | 3 4 |  4.7
Dodging        | |  2.0
Stealth        | |  2.6

Action                   |  1- 3 |  4- 6 |  7- 9 || total
-------------------------+-------+-------+-------++-------
Melee: Unarmed           |     8 |    10 |    20 ||    38
       Constrict         |     2 |     4 |       ||     6
       Tentacles         |     2 |     2 |       ||     4
       Staff             |       |       |     3 ||     3
 Cast: Sting             |    74 |    90 |   190 ||   354
       Mephitic Cloud    |       |       |     9 ||     9
       Poisonous Vapours |       |       |    25 ||    25
  Use: Scroll            |     3 |     1 |     7 ||    11
       Potion            |       |       |     4 ||     4
 Stab: Sleeping          |       |     1 |       ||     1
Armor: Skin              |     2 |     4 |    34 ||    40
Dodge: Dodged            |    17 |    43 |   111 ||   171
